[Event "Early-Titled-Tuesday-Blitz-January-23-2024"]
[Site "Chess.com"]
[Date "2024.01.23"]
[Round "6"]
[White "ClaudiaSof"]
[Black "MIss_MIaMI"]
[Result "0-1"]
[WhiteElo "2258"]
[BlackElo "2443"]
[TimeControl "180+1"]
[EndTime "9:06:14 PST"]
[Termination "MIss_MIaMI won by resignation"]

1. d4 c5 2. d5 g6 3. Nc3 Bg7 4. Nf3 d6 5. e4 Bg4 6. h3 Bxf3 7. Qxf3 a6 8. a4 b6 9. Bc4 Nd7 10. Qe2 Qc8 11. O-O Ngf6 12. f4 O-O 13. Bd2 Ne8 14.
Rae1 Nc7 15. Kh1 Rb8 16. b3 b5 17. axb5 axb5 18. Nxb5 Nxb5 19. Bxb5 Nf6 20. Bc6 Nh5 21. Kh2 e6 22. Qg4 Nf6 23. Qf3 exd5 24. exd5 Qa6 25.
Bc3 Rbc8 26. Re7 Nh5 27. Bxg7 Nxg7 28. Bb7 Qa7 29. Rfe1 Rb8 30. Bc6 Qa5 31. g4 Rb4 32.
R1e2 Qa1 33. f5 Qf6 34. R7e3 gxf5 35. gxf5 Qxf5 36. Qxf5 Nxf5 37. Re8 Rxe8 38. Rxe8+ Kg7 39. Bd7 Nh4 40. Kg3 Ng6 41. Rd8 Rd4 42. Bc6 Ne7 43. Rxd6 Nf5+ 44. Kf3 Nxd6 45. Ke3 Rh4 46. c3 Rxh3+ 47.
Kd2 Ne4+ 0-1

[Event "Early-Titled-Tuesday-Blitz-January-23-2024"]
[Site "Chess.com"]
[Date "2024.01.23"]
[Round "6"]
[White "Piotrek1979"]
[Black "Djager97"]
[Result "1-0"]
[WhiteElo "2414"]
[BlackElo "2562"]
[TimeControl "180+1"]
[EndTime "9:06:15 PST"]
[Termination "Piotrek1979 won on time"]

1. c4 e6 2. Nf3 d5 3. g3 Nf6 4. Bg2 dxc4 5. Qa4+ Bd7 6. Qxc4 c5 7.
Ne5 Qc8 8. O-O Bc6 9. Nxc6 Nxc6 10. d3 Be7 11. Qa4 O-O 12. Bxc6 bxc6 13. Nc3 Nd5 14. Bd2 h6 15. Rab1 h5 16. Rfc1 h4 17. Ne4 e5 18. Nxc5 Rb8 19. Qe4 Qh3 20. Qg2 Qg4 21. Qe4 Qh3 22. b3 Rb5 23. d4 exd4 24. Nd3 hxg3 25. hxg3 Bf6 26. Rxc6 Nc3 27. Bxc3 dxc3 28. Nf4 Qd7 29. Rc4 Re8 30. Qd3 Qg4 31. Kg2 Rbb8 32.
Qf3 Qf5 33. Rc1 Rbd8 34. Nh5 Qxf3+ 35. Kxf3 Be5 36. e3 g6 37. Nf4 Bf6 38. Ne2 Rd2 39. Nxc3 Bxc3 40. R1xc3 Rxa2 41. Ra4 1-0

[Event "Early-Titled-Tuesday-Blitz-January-23-2024"]
[Site "Chess.com"]
[Date "2024.01.23"]
[Round "6"]
[White "Goffredo_Fofi"]
[Black "Raud100"]
[Result "1-0"]
[WhiteElo "2541"]
[BlackElo "2384"]
[TimeControl "180+1"]
[EndTime "9:06:15 PST"]
[Termination "Goffredo_Fofi won by resignation"]

1. e4 d6 2. g3 Nf6 3. Bg2 c5 4. d3 Nc6 5. f4 g6 6. Nf3 Bg7 7. O-O O-O 8. Nc3 Rb8 9. h3 b5 10. Be3 b4 11. Ne2 Nd7 12. Qc1 Bb7 13. g4 e6 14. Kh1 f5 15. Ng3 Ne7 16. Ng5 Rf6 17.
a3 a5 18. axb4 axb4 19. b3 h6 20. Nf3 Rf8 21. Ra2 Ra8 22. Rxa8 Qxa8 23. Nh4 Kh7 24. Re1 Nf6 25. exf5 exf5 26. Qd1 Bxg2+ 27. Nxg2 Ned5 28.
Bd2 fxg4 29. hxg4 Qc8 30. f5 gxf5 31. gxf5 Re8 32. Nh4 Rxe1+ 33. Qxe1 Qc6 34. Ne4 Nxe4 35. Qxe4 Ne7 36. Kg2 Bf6 37. Nf3 d5 38. Qf4 Qd7 39.
Qxh6+ Kg8 40. Qxf6 Nxf5 41. Bh6 d4 42. Qg6+ Kh8 43.
Qf6+ Kh7 44. Ng5+ Kg8 45. Qg6+ Kh8 46. Nf7+ 1-0

[Event "Early-Titled-Tuesday-Blitz-January-23-2024"]
[Site "Chess.com"]
[Date "2024.01.23"]
[Round "6"]
[White "alvarorodriguezavila"]
[Black "Manukyan_Artak"]
[Result "1-0"]
[WhiteElo "2328"]
[BlackElo "2495"]
[TimeControl "180+1"]
[EndTime "9:06:15 PST"]
[Termination "alvarorodriguezavila won on time"]

1. e4 c6 2. d4 d5 3. e5 Bf5 4. h4 h5 5. Bd3 Bxd3 6. Qxd3 e6 7.
Nd2 Qb6 8. Ne2 c5 9. c3 Nc6 10. a3 a5 11. Nf3 Nh6 12. O-O Nf5 13. Ng3 g6 14. Nxf5 gxf5 15. Bg5 a4 16. Rfd1 c4 17. Qe2 Be7 18. Bf6 Bxf6 19. exf6 O-O-O 20. Ng5 Rd7 21. Re1 Na5 22. Qf3 Kb8 23. Re2 Ka7 24. Rae1 Qd8 25.
Nxe6 fxe6 26. Rxe6 Rf8 27. Qxf5 Rdf7 28. R1e5 Rxf6 29.
Rxf6 Rxf6 30. Qxh5 Nc6 31. Rxd5 Qe7 32. Qd1 Re6 33. Qxa4+ Kb8 34. Rg5 Re1+ 35. Kh2 Qd6+ 36. g3 Nd8 37. Qa5 Re2 38. Kg2 Qf6 39. Rf5 1-0

[Event "Early-Titled-Tuesday-Blitz-January-23-2024"]
[Site "Chess.com"]
[Date "2024.01.23"]
[Round "6"]
[White "wild3000"]
[Black "FoxOnTheRun97"]
[Result "1-0"]
[WhiteElo "2446"]
[BlackElo "2595"]
[TimeControl "180+1"]
[EndTime "9:06:17 PST"]
[Termination "wild3000 won on time"]

1. c4 e6 2. d4 b6 3. Nc3 Bb7 4. e4 Bb4 5. Bd3 f5 6. d5 fxe4 7. Bxe4 Nf6 8. Bf3 exd5 9. cxd5 d6 10. Qa4+ Nbd7 11. Qxb4 Nc5 12. Qb5+ Kf7 13. Nge2 Ba6 14. Qc6 Nd3+ 15. Kf1 Ne5 16. Qa4 Bd3 17. Bg5 b5 18. Qf4 Ng6 19. Qd2 Bf5 20. Nxb5 Ne5 21. Bxf6 Qxf6 22.
Nbd4 Ng6 23. Nxf5 Qxf5 24. Rc1 Rac8 25. Nd4 Qf6 26. Bh5 Rhf8 27. h4 Kg8 28. Ne6 Ne5 29.
Nxf8 Rxf8 30. Kg1 Qf5 31. Bd1 Kh8 32. Qe3 Ng6 33. h5 Nf4 34. Bf3 Qf6 35. h6 1-0

[Event "Early-Titled-Tuesday-Blitz-January-23-2024"]
[Site "Chess.com"]
[Date "2024.01.23"]
[Round "6"]
[White "kleinebeer98"]
[Black "FairChess_on_YouTube"]
[Result "1-0"]
[WhiteElo "2867"]
[BlackElo "3091"]
[TimeControl "180+1"]
[EndTime "9:06:18 PST"]
[Termination "kleinebeer98 won on time"]

1. e4 c5 2. Nf3 e6 3. d4 cxd4 4. Bg5 Qc7 5. Nxd4 Nc6 6. Nxc6 bxc6 7. Bd3 Rb8 8. b3 Qe5 9. Bd2 Qxa1 10. O-O Qe5 11. Bc3 Qc7 12. Nd2 Nf6 13. Nc4 d5 14.
Be5 Qb7 15. Na5 Qb6 16. Bxb8 Qxb8 17. Nxc6 Qc7 18. exd5 Nxd5 19. Bb5 Bd7 20. Nd4 Bc5 21. Bxd7+ Qxd7 22. Nf3 O-O 23. Qe2 Qc7 24. c4 Nf6 25. g3 Rd8 26. Kg2 a5 27. h3 h6 28. Rc1 Qb7 29.
Rd1 Rxd1 30. Qxd1 Qd7 31. Qe1 Qd6 32. Qxa5 g5 33. Qd2 Qc6 34. b4 Ne4 35. Qd8+ Bf8 36.
Ne5 Qb7 37. b5 Nd6+ 38. Kg1 Qe4 39. Nd7 Qe1+ 40. Kg2 Qe4+ 41. Kg1 Qe1+ 42. Kg2 Qe4+ 43. Kh2 Qf5 44. Qxf8+ Kh7 45. Qa8 Qxf2+ 46. Qg2 Qe1 47. c5 Nc4 48. Qe4+ Qxe4 49. Nf6+ Kg7 50. Nxe4 f5 51. b6 Na5 52. Nd6 Kf6 53. b7 Nc6 54.
a4 Ke7 55. Nb5 e5 56. a5 e4 57. a6 e3 58. Kg2 f4 59. gxf4 gxf4 60. a7 Ne5 61.
b8=Q f3+ 62. Kg3 e2 63. Qxe5+ 1-0

[Event "Early-Titled-Tuesday-Blitz-January-23-2024"]
[Site "Chess.com"]
[Date "2024.01.23"]
[Round "6"]
[White "FREZZY23"]
[Black "Anton_Demchenko"]
[Result "1-0"]
[WhiteElo "2494"]
[BlackElo "2908"]
[TimeControl "180+1"]
[EndTime "9:06:19 PST"]
[Termination "FREZZY23 won by resignation"]

1. Nf3 g6 2. d4 Bg7 3. g3 d6 4. Bg2 Nd7 5. O-O Ngf6 6. c4 O-O 7. Nc3 e5 8. h3 exd4 9. Nxd4 Re8 10. Re1 Nc5 11. b3 c6 12. e4 a5 13. Bg5 h6 14.
Bf4 g5 15. Bc1 Qb6 16. Be3 a4 17. Rb1 axb3 18. axb3 Qb4 19. Qc2 Ra3 20. Ncb5 Ncxe4 21. Nxa3 Qxa3 22. Bc1 Qc5 23. Bb2 d5 24. cxd5 Qxc2 25. Nxc2 cxd5 26. Ne3 Be6 27. Rbd1 Ra8 28. Ra1 Rd8 29.
Red1 Bf8 30. Ra7 Bc5 31. Rxb7 d4 32. Nc4 d3 33. Ne3 Bd5 34. Nxd5 Rxd5 35. Bxf6 Nxf2 36. Bxd5 Nxd1+ 37. Kh1 d2 38. Rb8+ Bf8 39. Bf3 Nf2+ 40. Kg2 d1=Q 41. Bxd1 Nxd1 42. Be7 Ne3+ 43. Kf3 Nf5 44.
Bxf8 Nd4+ 45. Ke4 Nc6 46. Ra8 Kh7 47. Bc5 Kg7 48. Bd4+ f6 49. Rc8 Nb4 50. Rc4 Na6 51. b4 1-0

[Event "Early-Titled-Tuesday-Blitz-January-23-2024"]
[Site "Chess.com"]
[Date "2024.01.23"]
[Round "6"]
[White "Airquake"]
[Black "Aygehovit1992"]
[Result "1-0"]
[WhiteElo "2548"]
[BlackElo "2696"]
[TimeControl "180+1"]
[EndTime "9:06:19 PST"]
[Termination "Airquake won on time"]

1. b3 Nf6 2. Bb2 e6 3. Nf3 b6 4.
e3 Bb7 5. d4 d5 6. c4 Bb4+ 7.
Nbd2 O-O 8. Bd3 Nbd7 9. O-O c5 10. cxd5 Nxd5 11. a3 Bxd2 12. Qxd2 Re8 13. Rad1 cxd4 14. Nxd4 Nc5 15. Bc2 Rc8 16. b4 Nd7 17. e4 N5f6 18.
Qe2 Qc7 19. Rc1 Qf4 20. Rfe1 Ne5 21. g3 Qh6 22. f4 Nc4 23. Ba1 Nxa3 24. Bd3 Rxc1 25.
Rxc1 Rd8 26. Rc7 Rd7 27. Rxd7 Nxd7 28. Qb2 e5 29. Nf5 Qh5 30. Be2 Qh3 31. Nd6 Bc6 32.
Qxa3 exf4 33. Qc3 Nf6 34. Qxc6 h6 35. Bxf6 fxg3 36. Qc8+ Qxc8 37. Nxc8 1-0

[Event "Early-Titled-Tuesday-Blitz-January-23-2024"]
[Site "Chess.com"]
[Date "2024.01.23"]
[Round "6"]
[White "Msb2"]
[Black "starworld123"]
[Result "1-0"]
[WhiteElo "3061"]
[BlackElo "2844"]
[TimeControl "180+1"]
[EndTime "9:06:20 PST"]
[Termination "Msb2 won by resignation"]

1. d4 Nf6 2. c4 e6 3. Nc3 Bb4 4. e3 O-O 5. Bd2 c5 6. a3 Bxc3 7. Bxc3 Ne4 8. Ne2 b6 9. d5 Ba6 10. Qd3 exd5 11. Qxd5 Qe7 12. b3 Re8 13. Bb2 Nxf2 14.
Kxf2 Qxe3+ 15. Ke1 Nc6 16. Qf3 Qxf3 17. gxf3 Na5 18.
Rd1 Nxb3 19. Rxd7 Bxc4 20. Kf2 Rad8 21. Rxd8 Rxd8 22. Bc3 f6 23. Nf4 Bxf1 24. Rxf1 Kf7 25.
h4 g5 26. hxg5 fxg5 27. Ne2 h5 28. Rb1 Nd2 29. Rg1 Rd3 30. Bxd2 Rxd2 31. Rxg5 Ra2 32. Rxh5 Rxa3 33. f4 c4 34. Nd4 Rd3 35. Nf3 Kf6 36.
Ne5 Rd2+ 37. Ke3 c3 38. Rh6+ Kf5 39. Rc6 Rd1 40. Nf3 Rc1 41. Nd4+ Kg4 42. Rg6+ Kh5 43. Rg5+ Kh6 44. Nf5+ Kh7 45. Rg7+ Kh8 46. Rc7 b5 47. Nd4 b4 48. f5 Rb1 49. f6 Rf1 50. Nf3 b3 51.
Rc8+ Kh7 52. f7 b2 53. f8=Q b1=Q 54. Qf7+ 1-0

[Event "Early-Titled-Tuesday-Blitz-January-23-2024"]
[Site "Chess.com"]
[Date "2024.01.23"]
[Round "6"]
[White "Goryachkina"]
[Black "SpeedofLight0"]
[Result "0-1"]
[WhiteElo "2706"]
[BlackElo "2910"]
[TimeControl "180+1"]
[EndTime "9:06:20 PST"]
[Termination "SpeedofLight0 won on time"]

1. e4 c5 2. Nf3 d6 3. d4 cxd4 4.
Nxd4 Nf6 5. Nc3 a6 6. h3 e5 7.
Nde2 h5 8. Bg5 Be6 9. Bxf6 Qxf6 10. Nd5 Qd8 11. Qd3 Nd7 12. O-O-O Rc8 13. Nec3 g6 14.
Kb1 Bh6 15. h4 Nc5 16. Qe2 b5 17. f3 Bd7 18. g4 hxg4 19. fxg4 Ne6 20. g5 Bxg5 21.
hxg5 Rxh1 22. Nf6+ Ke7 23. Qf3 Rh4 24. Ncd5+ Kf8 25. Nb6 Bc6 26. Nxc8 Qxc8 27. Rxd6 Rf4 28. Qd1 Nxg5 29. Bg2 Ne6 30. Bh3 Rxf6 31. Bxe6 Qc7 32. Rd8+ Ke7 33. Rc8 Qd6 34. Qxd6+ Kxd6 35. Bh3 Rf3 0-1

[Event "Early-Titled-Tuesday-Blitz-January-23-2024"]
[Site "Chess.com"]
[Date "2024.01.23"]
[Round "6"]
[White "crazy_m_attack"]
[Black "agvega14"]
[Result "1-0"]
[WhiteElo "2468"]
[BlackElo "2170"]
[TimeControl "180+1"]
[EndTime "9:06:21 PST"]
[Termination "crazy_m_attack won on time"]

1. e4 c5 2. Nf3 a6 3. Nc3 e6 4.
d4 cxd4 5. Nxd4 Qc7 6. Bd3 Nf6 7. Qe2 Nc6 8. Nxc6 dxc6 9. e5 Nd5 10. O-O Nxc3 11.
bxc3 c5 12. c4 Bd7 13. f4 Bc6 14. Be4 g6 15. Qf3 Rc8 16. Be3 Be7 17. Rab1 Bxe4 18.
Qxe4 b6 19. a4 O-O 20. Rb3 Qc6 21. Qxc6 Rxc6 22. Rfb1 Bd8 23. Bd2 a5 24. Kf2 Rc8 25. Ke2 Bc7 26. Rd3 Rcd8 27. Bc3 Rxd3 28. cxd3 Rd8 29.
Ke3 Kf8 30. d4 cxd4+ 31. Bxd4 Rb8 32. Rb5 Ke8 33. g4 Kd7 34. Rb1 Kc6 35. f5 exf5 36. gxf5 gxf5 37. Rf1 Re8 38. Rxf5 Re7 39. Ke4 Kd7 40. Kd5 Bd8 41. Be3 Ke8 42. Rh5 Rd7+ 43. Ke4 f6 44. e6 Rd6 45. Kf5 1-0

[Event "Early-Titled-Tuesday-Blitz-January-23-2024"]
[Site "Chess.com"]
[Date "2024.01.23"]
[Round "6"]
[White "FREDERICKtheMATE"]
[Black "DavidGavrilescu18"]
[Result "1-0"]
[WhiteElo "2581"]
[BlackElo "2807"]
[TimeControl "180+1"]
[EndTime "9:06:23 PST"]
[Termination "FREDERICKtheMATE won by checkmate"]

1. d4 Nf6 2. c4 e6 3. Nf3 d5 4. Nc3 Nbd7 5. Bf4 dxc4 6. e3 Nd5 7. Bg3 Nxc3 8. bxc3 b5 9. a4 c6 10. h4 Bb7 11. h5 h6 12. Ne5 Be7 13. Be2 a6 14. Bf3 Nxe5 15. Bxe5 O-O 16. g4 Qd7 17. Rb1 c5 18. Rg1 Bxf3 19. Qxf3 f6 20. Bf4 b4 21. Qe4 Kh8 22. dxc5 bxc3 23. Rd1 Qxa4 24. Bxh6 gxh6 25. Qg6 Qe8 26. Qxh6+ Kg8 27. Rd4 Rb8 28. Ke2 Rf7 29. Rxc4 Qb5 30. Qg6+ Rg7 31. Qd3 Rc8 32. h6 Rg5 33. f4 Rd8 34. Qe4 Rxc5 35. Qg6+ Kf8 36. h7 Qxc4+ 37. Kf3 Qd5+ 38. Kg3 Bd6 39. Qxf6+ Ke8 40.
h8=Q+ Kd7 41. Qfxd8+ Kc6 42. Qa8+ Kb5 43. Rb1+ Kc4 44.
Qxa6+ Rb5 45. Qhc8+ Bc5 46. Qxb5# 1-0

[Event "Early-Titled-Tuesday-Blitz-January-23-2024"]
[Site "Chess.com"]
[Date "2024.01.23"]
[Round "6"]
[White "KanalSzachowy"]
[Black "GlennTipton"]
[Result "0-1"]
[WhiteElo "2334"]
[BlackElo "2519"]
[TimeControl "180+1"]
[EndTime "9:06:23 PST"]
[Termination "GlennTipton won by resignation"]

1. e4 e5 2. Nf3 Nc6 3. Bc4 Nf6 4. d4 exd4 5. e5 Ne4 6. Qe2 Nc5 7. Ng5 Ne6 8. Nxe6 dxe6 9. O-O Be7 10. Bd3 Nb4 11.
Be4 c5 12. c3 d3 13. Qg4 Nc2 14.
Qxg7 Rf8 15. Bh6 Nxa1 16. Nd2 Nc2 17. Qxh7 Qa5 18. Nc4 Qa6 19. Bxd3 b5 20. Nd6+ Bxd6 21.
exd6 Qxd6 22. Bxb5+ Bd7 23. Bxf8 Qxf8 24. Bxd7+ Kxd7 25. Qxc2 Kc7 26. b4 Rd8 27. Qa4 Kb8 28. Rb1 c4 29. Qb5+ Ka8 30. Qc6+ Kb8 31. Qxc4 Qd6 32. h3 Rc8 33. Qb5+ Ka8 34. Qa4 Qd2 35. Rd1 Qxc3 36.
Qd7 Rc7 37. Qd8+ Kb7 38. b5 Qb2 39. a4 Qb3 40. Qd4 Rc4 41. Qd7+ Rc7 42. Qd4 Rc4 43. Qd7+ Rc7 44. Qe8 Qxd1+ 0-1

[Event "Early-Titled-Tuesday-Blitz-January-23-2024"]
[Site "Chess.com"]
[Date "2024.01.23"]
[Round "6"]
[White "Shuvalov"]
[Black "olawsson"]
[Result "1-0"]
[WhiteElo "2467"]
[BlackElo "2167"]
[TimeControl "180+1"]
[EndTime "9:06:23 PST"]
[Termination "Shuvalov won on time"]

1. d4 d6 2. Nf3 g6 3. c4 Bg7 4. e4 Bg4 5. Be2 Nc6 6. Be3 e5 7. dxe5 dxe5 8. Nc3 Nge7 9. Nd5 O-O 10. c5 Nxd5 11. exd5 Nb4 12. Bc4 e4 13. h3 exf3 14. hxg4 fxg2 15. Rg1 Bxb2 16. Rb1 Bc3+ 17. Ke2 b5 18.
Bb3 a5 19. a3 a4 20. axb4 axb3 21. Rxb3 Ra2+ 22. Kf3 Qf6+ 23. Kxg2 Re8 24. Qd3 Rxe3 25.
Qxe3 Bd4 26. Qe8+ Kg7 27. Rf1 Rxf2+ 28. Rxf2 Qxf2+ 29. Kh3 Qf1+ 30. Kg3 Qg1+ 31. Kh3 Qh1+ 32. Kg3 h5 33. gxh5 gxh5 34. Qe2 h4+ 35. Kg4 f5+ 36. Kxf5 Qxd5+ 37. Kg4 Qxb3 38. Qe7+ Kg6 39. Qg5+ Kh7 40. Qf5+ Kg8 41. Qc8+ Kf7 42. Qd7+ 1-0

[Event "Early-Titled-Tuesday-Blitz-January-23-2024"]
[Site "Chess.com"]
[Date "2024.01.23"]
[Round "6"]
[White "verrbaa"]
[Black "NovozhilovSemen"]
[Result "0-1"]
[WhiteElo "2498"]
[BlackElo "2659"]
[TimeControl "180+1"]
[EndTime "9:06:24 PST"]
[Termination "NovozhilovSemen won by resignation"]

1. e4 c5 2. Nf3 Nc6 3. d4 cxd4 4. Nxd4 Nf6 5. Nc3 d6 6. Bc4 Qb6 7. Nb3 e6 8. Be3 Qc7 9. O-O a6 10. a4 b6 11. f4 Be7 12. Be2 O-O 13. Bf3 Bb7 14. g4 Rac8 15. g5 Nd7 16. Bg2 Nc5 17. Rf3 g6 18. Rh3 f6 19. gxf6 Bxf6 20. Qg4 Nxb3 21.
Qxe6+ Qf7 22. Qxf7+ Rxf7 23. cxb3 Nd4 24. Rd1 Nxb3 25. Bxb6 Bxc3 26. Rxc3 Rxc3 27. bxc3 Rxf4 28. Rxd6 Bxe4 29. Bf1 Bf5 30. a5 Ra4 31. Rd5 Be4 32.
Re5 Nd2 33. Bxa6 Nf3+ 34. Kf2 Nxe5 35. Bb5 Ra2+ 36. Ke3 Bc6 37. Bf1 Kf8 38. Kd4 Nd7 39. Bh3 Nxb6 40. axb6 Ke7 41. Kc5 Bb7 42. c4 Rxh2 43.
Bf1 Rb2 0-1

[Event "Early-Titled-Tuesday-Blitz-January-23-2024"]
[Site "Chess.com"]
[Date "2024.01.23"]
[Round "6"]
[White "chess123456s"]
[Black "GothamChess"]
[Result "0-1"]
[WhiteElo "2550"]
[BlackElo "2751"]
[TimeControl "180+1"]
[EndTime "9:06:25 PST"]
[Termination "GothamChess won by resignation"]

1. e4 d5 2. exd5 Qxd5 3. Nc3 Qa5 4. Bc4 Nf6 5. d4 Bf5 6. Nf3 e6 7. Bd2 Bb4 8. a3 Bxc3 9. Bxc3 Qb6 10. Qe2 O-O 11.
O-O-O Nc6 12. Ne5 Rad8 13. Nxc6 Qxc6 14. Bb4 Qxg2 15. Rhg1 Qxh2 16. Bxf8 Kxf8 17. Bd3 Qf4+ 18. Kb1 Bg4 19. Qe5 Rxd4 20. Qc5+ Qd6 21. Qxd6+ Rxd6 22. Rde1 h5 23. f4 Rd4 24. Rgf1 g6 25.
Be2 Bf5 26. Rd1 Rxd1+ 27. Rxd1 Ke7 28. Bf3 c6 29. b4 Nd5 30. Rd4 h4 31. Kb2 h3 32. c4 Nf6 33. b5 c5 34. Rd2 b6 35.
Rh2 Nh7 36. Be2 g5 37. fxg5 Nxg5 38. Bf1 Kf6 39. Kc3 Ke5 40. Kd2 Nf3+ 0-1

[Event "Early-Titled-Tuesday-Blitz-January-23-2024"]
[Site "Chess.com"]
[Date "2024.01.23"]
[Round "6"]
[White "ReinisUz"]
[Black "CristianS27"]
[Result "1-0"]
[WhiteElo "2456"]
[BlackElo "2582"]
[TimeControl "180+1"]
[EndTime "9:06:25 PST"]
[Termination "ReinisUz won on time"]

1. c4 Nf6 2. Nc3 g6 3. g3 Bg7 4. Bg2 O-O 5. d3 d6 6. e4 c5 7. Nge2 Nc6 8. O-O a6 9. Rb1 Rb8 10. a4 Ne8 11. f4 Nc7 12. Be3 Ne6 13. Nd5 Ned4 14. Nxd4 Nxd4 15. b4 e6 16. Nc3 cxb4 17. Rxb4 Qa5 18. Na2 b5 19. cxb5 axb5 20. Kh1 Nc6 21.
Rxb5 Rxb5 22. axb5 Qxb5 23. Nc1 Ba6 24. f5 Ne5 25. fxe6 fxe6 26. Rxf8+ Bxf8 27. Bh3 Bc8 28. d4 Nc4 29. Bf4 Qb1 30. Qd3 Qxd3 31. Nxd3 Kf7 32. d5 Bg7 33. Kg2 Nb6 34. dxe6+ Bxe6 35. Bxd6 Bc4 36.
Ne5+ Bxe5 37. Bxe5 Bd3 38. Kf3 Nc4 39. Bc3 Nd6 40.
e5 Nb5 41. Bb2 Bf5 42. Bf1 Be6 43. Bxb5 1-0

[Event "Early-Titled-Tuesday-Blitz-January-23-2024"]
[Site "Chess.com"]
[Date "2024.01.23"]
[Round "6"]
[White "FMVolodymyrSakun"]
[Black "tigurones"]
[Result "0-1"]
[WhiteElo "2537"]
[BlackElo "2416"]
[TimeControl "180+1"]
[EndTime "9:06:25 PST"]
[Termination "tigurones won on time"]

1. e4 c5 2. Nf3 Nc6 3. Bc4 g6 4. d4 cxd4 5. Nxd4 d6 6. Nxc6 bxc6 7. Qd4 Nf6 8. O-O Bg7 9. e5 dxe5 10. Qxe5 O-O 11.
Nc3 Bb7 12. Qc5 Nd5 13. Ne4 Qb6 14. a4 Bd4 15. Qxb6 axb6 16. Ra3 Nf6 17. Nxf6+ Bxf6 18. b3 Ba6 19. Bxa6 Rxa6 20. c4 Rd8 21. Be3 b5 22. cxb5 cxb5 23. a5 Bc3 24. Rc1 Bb2 25. Raa1 Bxc1 26.
Rxc1 Rad6 27. Kf1 Rd1+ 28. Rxd1 Rxd1+ 29. Ke2 Ra1 30. Bb6 Ra2+ 31. Kd3 Kf8 32. Kc3 Ke8 33. Kb4 Kd7 34. Kxb5 Kc8 35. Kc6 e5 36. b4 f5 37. b5 e4 38. a6 Rc2+ 39. Bc5 Kb8 40. a7+ Ka8 41. b6 Rb2 42. Kd5 Rb5 43. Kc4 Rb2 44.
Be3 Kb7 45. Kd5 Rb5+ 46. Ke6 Rb2 47. Ke5 h6 0-1

[Event "Early-Titled-Tuesday-Blitz-January-23-2024"]
[Site "Chess.com"]
[Date "2024.01.23"]
[Round "6"]
[White "kingofthenil"]
[Black "MatthewG-p4p"]
[Result "0-1"]
[WhiteElo "2681"]
[BlackElo "2894"]
[TimeControl "180+1"]
[EndTime "9:06:26 PST"]
[Termination "MatthewG-p4p won on time"]

1. e4 e6 2. c4 d5 3. cxd5 exd5 4. exd5 Nf6 5. Nc3 Nxd5 6. Nf3 Be7 7. d4 O-O 8. Bd3 Nc6 9. O-O Nf6 10. h3 Be6 11. Re1 Re8 12. Bg5 h6 13. Bxf6 Bxf6 14. d5 Bxc3 15.
Rxe6 fxe6 16. dxc6 Bf6 17. cxb7 Rb8 18. Qe2 Rxb7 19.
Rd1 Qb8 20. Qe4 Rxb2 21. Qh7+ Kf8 22. Bg6 Rd8 23. Rc1 Qb6 24. Rf1 Ke7 25. Bd3 Qd6 26. Bc4 Qc5 27. Bb3 Rd6 28. Qe4 a5 29. Qa4 Qb4 30. g3 Qxa4 31. Bxa4 Rxa2 32. Bb5 Ra3 33. Kg2 Rb3 34. Bc4 Rb4 35. Rc1 Rc6 36. Nd2 a4 0-1

[Event "Early-Titled-Tuesday-Blitz-January-23-2024"]
[Site "Chess.com"]
[Date "2024.01.23"]
[Round "6"]
[White "m_ezat"]
[Black "HamedWafa4"]
[Result "0-1"]
[WhiteElo "2466"]
[BlackElo "2724"]
[TimeControl "180+1"]
[EndTime "9:06:26 PST"]
[Termination "HamedWafa4 won on time"]

1. d4 Nf6 2. c4 e6 3. Nf3 Bb4+ 4. Bd2 Bxd2+ 5. Qxd2 O-O 6. Nc3 d6 7. Qc2 Nc6 8. g3 e5 9. Rd1 Re8 10. dxe5 Nxe5 11.
Nxe5 Rxe5 12. Bg2 h5 13. O-O h4 14. Rd4 hxg3 15. hxg3 Qe8 16. Rh4 c6 17. e4 Bd7 18.
Qd2 Qe6 19. b3 Rd8 20. Qe3 b6 21. Rd1 Qe7 22. Qd2 Bg4 23. Rc1 Bc8 24. Rd1 Bg4 25. Rc1 Rh5 26. Rxh5 Bxh5 27. Re1 Bg4 28. Qg5 Qe5 29.
Qc1 Qh5 30. Qf4 Qe5 31. Qc1 g6 32. Qd2 Kg7 33. Qe3 Rh8 34. Kf1 Qh5 35. e5 dxe5 36. Qxe5 Bf5 37. c5 Bd3+ 38. Re2 Qxe5 0-1

[Event "Early-Titled-Tuesday-Blitz-January-23-2024"]
[Site "Chess.com"]
[Date "2024.01.23"]
[Round "6"]
[White "PenguinPacks"]
[Black "YurasovMat-2012"]
[Result "1-0"]
[WhiteElo "2443"]
[BlackElo "2597"]
[TimeControl "180+1"]
[EndTime "9:06:27 PST"]
[Termination "PenguinPacks won on time"]

1. d4 d5 2. Bf4 c5 3. e3 Nc6 4.
Nf3 cxd4 5. exd4 Nf6 6. c3 Bg4 7. Nbd2 e6 8. Qb3 Bd6 9. Qxb7 O-O 10. Bg5 Rc8 11. Ba6 Rc7 12. Qb5 h6 13. Bh4 g5 14. Bg3 Ne4 15. Nxe4 dxe4 16. Nd2 f5 17. Bxd6 Qxd6 18. Nc4 Qe7 19. h3 Bh5 20. g4 fxg4 21.
hxg4 Bxg4 22. Ne3 Bf3 23. Rxh6 Kg7 24. Rh2 Qf6 25. Qc5 Qf4 26. Rh3 Bg2 27. Nxg2 Qxf2+ 28. Kd1 Qxg2 29. Rh7+ Kxh7 30. Qxf8 Qxb2 31. Rc1 Qxa2 32.
Qd6 Qa5 33. Rc2 Qa1+ 34. Kd2 Qa5 35. Ke3 Rf7 36. Qxe6 1-0

[Event "Early-Titled-Tuesday-Blitz-January-23-2024"]
[Site "Chess.com"]
[Date "2024.01.23"]
[Round "6"]
[White "Titus369"]
[Black "Irishchessman16"]
[Result "1-0"]
[WhiteElo "2653"]
[BlackElo "2492"]
[TimeControl "180+1"]
[EndTime "9:06:27 PST"]
[Termination "Titus369 won on time"]

1. e4 c5 2. Nf3 e6 3. d4 cxd4 4. Nxd4 a6 5. Nc3 b5 6. g3 Bb7 7. Bg2 Nf6 8. a3 b4 9. axb4 Bxb4 10. O-O Bxc3 11. bxc3 Bxe4 12. Ba3 Bxg2 13. Kxg2 d6 14.
Qf3 Ra7 15. Rab1 O-O 16. Rxb8 Qxb8 17. Nc6 Qc7 18. Nxa7 Qxa7 19. Bxd6 Rc8 20. Be5 Qa8 21.
Ra1 Nd5 22. Kg1 f6 23. Bd4 e5 24. Be3 Nxc3 25. Qg4 Qc6 26. Bh6 Rc7 27. Bd2 Ne4 28.
Be3 Re7 29. Qe2 Re6 30. Qd3 h5 31. h4 Kf7 32. Rb1 Nd6 33. Rb6 Qc7 34. Rxa6 Nc8 35. Qd5 Nd6 36. Ra7 1-0

[Event "Early-Titled-Tuesday-Blitz-January-23-2024"]
[Site "Chess.com"]
[Date "2024.01.23"]
[Round "6"]
[White "LileKoridze"]
[Black "dosto07"]
[Result "1-0"]
[WhiteElo "2322"]
[BlackElo "2533"]
[TimeControl "180+1"]
[EndTime "9:06:28 PST"]
[Termination "LileKoridze won by resignation"]

1. d4 Nf6 2. c4 e6 3. Nf3 d5 4. g3 dxc4 5. Bg2 c5 6. O-O Nc6 7. Qa4 cxd4 8. Nxd4 Qxd4 9. Bxc6+ Bd7 10. Rd1 Bxc6 11.
Qxc6+ bxc6 12. Rxd4 Rd8 13. Rxc4 Rd1+ 14. Kg2 Kd7 15. Nc3 Re1 16. Rb1 Nd5 17. Bd2 Rxb1 18. Nxb1 Be7 19. e4 Nb6 20. Rc1 Rb8 21. b3 Bf6 22.
Bc3 Bxc3 23. Nxc3 Ke7 24. Ne2 Rc8 25. Nd4 Kd6 26. b4 a6 27. f4 f6 28. Nb3 Nd7 29.
Na5 Rc7 30. Rd1+ Ke7 31. Rc1 c5 32. bxc5 Rxc5 33. Rxc5 Nxc5 34. Kf3 Kd6 35. Ke3 e5 36. Nc4+ Ke6 37. fxe5 fxe5 38. Nb6 Kd6 39. Nd5 Ne6 40. Nb4 Nc5 41. Nd5 a5 42. Nb6 Kc6 43. Nc4 Kb5 44.
Nxe5 Kb4 45. Nd3+ Nxd3 46. Kxd3 a4 47. e5 Ka3 48. e6 Kxa2 49. e7 a3 50. e8=Q Ka1 51.
Qe5+ 1-0

[Event "Early-Titled-Tuesday-Blitz-January-23-2024"]
[Site "Chess.com"]
[Date "2024.01.23"]
[Round "6"]
[White "ChessBliss09"]
[Black "Chempiblinka"]
[Result "1-0"]
[WhiteElo "2131"]
[BlackElo "2300"]
[TimeControl "180+1"]
[EndTime "9:06:28 PST"]
[Termination "ChessBliss09 won by resignation"]

1. e4 c5 2. Nf3 Nc6 3. d4 cxd4 4. Nxd4 g6 5. Nc3 Bg7 6. Be3 Nf6 7. f3 O-O 8. g4 Qb6 9. Qd2 Nxe4 10. Nxc6 Qxb2 11. Nxe7+ Kh8 12. Rb1 Bxc3 13. Rxb2 Nxd2 14. Rb5 Nxf3+ 15. Kf2 Ne5 16. h3 d6 17. Rb3 Ba5 18. Bg2 Be6 19. Rxb7 Bb6 20. Rb1 Bxe3+ 21. Kxe3 Nc4+ 22.
Kd4 Na5 23. Rc7 Nc4 24. Rxc4 Bxc4 25. Bxa8 Bxa2 26. Rb2 Rxa8 27. Rxa2 Kg7 28. Nd5 a5 29. Nb6 Rb8 30. Nc4 Rb1 31. Nxa5 Rh1 32. Ra3 Rh2 33. Rc3 h5 34. gxh5 gxh5 35. Nb7 Rd2+ 36. Ke3 Rf2 37. Kxf2 f6 38. Nxd6 Kg6 39. Ne4 Kf5 40.
Ng3+ Ke6 41. Rf3 Ke5 42. c4 Ke6 43. c5 Ke7 44. Nxh5 Ke6 45. Nxf6 Ke7 46. c6 Kd8 47. h4 Kc8 48. h5 Kc7 49. h6 Kxc6 50. h7 1-0